 Dungeon Crawl Stone Soup version 0.31-a0-1499-ge0622b2318 (webtiles) character file.

Game seed: 11872559548687768001

252 DApurpleWHUMPUS the Shooter (level 5, -5/48 HPs)
             Began as a Minotaur Hunter on Dec 29, 2023.
             Was an Initiate of the Shining One.
             Killed from afar by an acid dragon (31 damage)
             ... with a splash of acid
             ... on level 4 of the Dungeon.
             The game lasted 00:03:36 (3030 turns).

DApurpleWHUMPUS the Shooter (Minotaur Hunter)       Turns: 3030, Time: 00:03:37

Health: -5/48      AC:  7    Str: 16    XL:     5   Next: 89%
Magic:  4/4        EV: 12    Int:  6    God:    the Shining One [......]
Gold:   134        SH:  0    Dex: 15    Spells: 4/4 levels left

rFire   . . .        a - +1 shortbow
rCold   . . .        (shield currently unavailable)
rNeg    . . .        c - +0 leather armour
rPois   .            (helmet restricted)
rElec   .            (no cloak)
rCorr   .            (no gloves)
SInv    .            (no boots)
Will    +....        l - amulet of magic regeneration
Stlth   +            s - +4 ring of protection
HPRegen 0.28/turn    (no ring)
MPRegen 0.49/turn

%: no passive effects
@: enlightened, flying, glowing
A: horns 2, retaliatory headbutt
a: Renounce Religion


You were on level 4 of the Dungeon.
You worshipped the Shining One.
The Shining One was noncommittal.
You visited 1 branch of the dungeon, and saw 4 of its levels.

You collected 134 gold pieces.

Inventory:

Hand Weapons
 a - a +1 shortbow (weapon)
Armour
 c - a +0 leather armour (worn)
Jewellery
 k - a ring of magical power
 l - an amulet of magic regeneration (around neck)
 s - a +4 ring of protection (left hand)
Wands
 o - a wand of flame (11)
Scrolls
 b - a scroll of butterflies
 e - 3 scrolls of vulnerability {unknown}
 h - a scroll of amnesia {unknown}
 j - 4 scrolls of fear {unknown}
 n - 3 scrolls of teleportation {unknown}
 p - 2 scrolls of identify {unknown}
 t - a scroll of blinking {unknown}
 w - a scroll of brand weapon {unknown}
Potions
 g - a potion of attraction {unknown}
 i - a potion of curing {unknown}
 m - a potion of brilliance {unknown}
 q - a potion of berserk rage {unknown}
 r - a potion of cancellation {unknown}
 u - a potion of resistance {unknown}


   Skills:
 + Level 5.3 Fighting
 + Level 6.2 Ranged Weapons
 - Level 2.1 Dodging
 - Level 1.6 Stealth


You had 4 spell levels left.
You didn't know any spells.
Your spell library contained the following spells:

 Spells                   Type           Power      Damage    Failure   Level
 Ensorcelled Hibernation  Hex/Ice        0%         N/A       67%         2
 Sublimation of Blood     Necr           0%         N/A       67%         2
 Fugue of the Fallen      Necr           0%         N/A       88%         3
 Ozocubu's Armour         Ice            0%         N/A       88%         3
 Anguish                  Hex/Necr       0%         N/A       99%         4
 Cause Fear               Hex            0%         N/A       99%         4
 Manifold Assault         Tloc           0%         N/A       99%         4
 Petrify                  Alch/Erth      0%         N/A       99%         4
 Fireball                 Conj/Fire      0%         3d3       100%        5
 Irradiate                Conj/Alch      0%         3d11      100%        5
 Dragon's Call            Summ           0%         N/A       100%        9


Dungeon Overview and Level Annotations

Branches:
Dungeon (4/15)
 Temple: D:4-7

Altars:
Fedhas
Qazlal
Sif Muna
Vehumet
The Shining One


Innate Abilities, Weirdness & Mutations

You have a pair of horns on your head.
You reflexively headbutt those who attack you in melee.


Message History

Okay, then.
You feel much better. The acid dragon spits acid at you.
The splash of acid misses you.
As you read the scroll labelled ARIUSCHE GAENN, it crumbles to dust.
It is a scroll of enchant weapon.
Your +0 shortbow glows red for a moment.
Fire: a) +1 shortbow
Press: ? - help, Q - select action, (/) - cycle Shift-Dir - straight line, f/p - acid dragon
Aim: an acid dragon (moderately wounded, catching its breath, 65% to hit)
You shoot an arrow. The arrow hits the acid dragon.
The acid dragon is heavily wounded.
Fire: a) +1 shortbow
Press: ? - help, Q - select action, (/) - cycle Shift-Dir - straight line, f/p - acid dragon
Aim: an acid dragon (heavily wounded, 65% to hit)
You shoot an arrow.
The arrow hits the acid dragon but does no damage.
The acid dragon is heavily wounded.
The acid dragon bites you. The acid dragon misses you.
Fire: a) +1 shortbow
Press: ? - help, Q - select action, (/) - cycle Shift-Dir - straight line, f/p - acid dragon
Aim: an acid dragon (heavily wounded, 65% to hit)
You shoot an arrow.
The arrow barely misses the acid dragon.
The acid dragon bites you! The acid dragon closely misses you.
Fire: a) +1 shortbow
Press: ? - help, Q - select action, (/) - cycle Shift-Dir - straight line, f/p - acid dragon
Aim: an acid dragon (heavily wounded, 65% to hit)
You shoot an arrow.
The arrow hits the acid dragon but does no damage.
The acid dragon is heavily wounded.
The acid dragon bites you but does no damage.
The acid dragon claws you.
It was a potion of enlightenment.
You feel very buoyant.
You fly up into the air.
The acid dragon spits acid at you. The splash of acid hits you!!
Ouch! That really hurt!
You die...

##."...## ##.##
##.......## ...
#.(.......## $..
+.........'. ...
#.........## #.#
##.......## #.#
##.....## #D# ##...##
#@# ##+## #.# #.# #.#
#.# #### #####.####
####.###...
#........###.....#....
#.###.##.##.###.....##
#.# #.##.##.# #.......
#.# #.......###.##..#.
#.######.###...###..#.


You could see an acid dragon (catching breath).

Vanquished Creatures
  A bombardier beetle (D:3)
  An orc priest (D:3)
  4 gnolls (D:2)
  3 adders
  3 ribbon worms
  6 orcs (D:3)
  10 endoplasms
  2 giant cockroaches (D:2)
  5 goblins
  8 hobgoblins
  10 jackals
  3 quokkas
  8 ball pythons
  7 bats
  2 frilled lizards (D:1)
  5 kobolds
  8 rats
86 creatures vanquished.

Notes
Turn   | Place    | Note
-------+----------+-------------------------------------------
     0 | D:1      | DApurpleWHUMPUS the Minotaur Hunter began the quest for the
                  | Orb.
     0 | D:1      | Reached XP level 1. HP: 18/18 MP: 0/0
    95 | D:1      | Reached skill level 1 in Stealth
   164 | D:1      | Reached XP level 2. HP: 25/25 MP: 1/1
   540 | D:1      | Reached XP level 3. HP: 31/31 MP: 2/2
   988 | D:2      | Reached skill level 5 in Ranged Weapons
  1166 | D:2      | Reached XP level 4. HP: 40/40 MP: 3/3
  1584 | D:3      | Reached XP level 5. HP: 37/47 MP: 4/4
  1665 | D:3      | Found a radiant altar of Vehumet.
  1922 | D:3      | Reached skill level 5 in Fighting
  1922 | D:3      | Reached skill level 6 in Ranged Weapons
  2357 | D:3      | Found a stormy altar of Qazlal.
  2359 | D:3      | Found a blossoming altar of Fedhas.
  2359 | D:3      | Found a glowing golden altar of the Shining One.
  2360 | D:3      | Found a shimmering blue altar of Sif Muna.
  2451 | D:3      | Became a worshipper of the Shining One
  3019 | D:4      | Noticed an acid dragon
  3030 | D:4      | Killed from afar by an acid dragon

Illustrated notes

Levels and vault maps discovered:
D:1:      tarquinn_simple_flora_water_b, layout_loops_ring
D:2:      layout_loops_ring
D:3:      layout_basic, minitemple, vehumet_altar_wand_db,
          serial_co_window_serial, co_window_of_opportunity_a,
          co_window_paths_a, co_window_corner_a, co_window_cross_1,
          co_window_cross_1, co_window_unsneaky_path_b,
          co_window_of_opportunity_b, co_window_unsneaky_path_d,
          co_window_of_opportunity_c, glass_columns_a, glass_columns_a,
          glass_columns_a, glass_columns_a
D:4:      minmay_recursive_quarters, layout_loops_corners,
          nicolae_dithmenos_through_a_glass_darkly, minivault_24,
          minmay_liquid_box, nicolae_shop_firing_range

Skill      XL: |  1  2  3  4  5 |
---------------+----------------+-----
Stealth        | 1 |  1.6
Fighting       | 3 4 5 |  5.3
Ranged Weapons | 5 6 |  6.2
Dodging        | |  2.1

Action                     |  1- 3 |  4- 6 || total
---------------------------+-------+-------++-------
   Fire: Shortbow          |   127 |   121 ||   248
    Use: Potion            |       |     5 ||     5
         Scroll            |       |     1 ||     1
 Armour: Leather armour    |    27 |    39 ||    66
  Dodge: Dodged            |    25 |    41 ||    66

Table legend: (Time is in decaauts)
 A = Elapsed time spent in this place.
 B = Non-inter-level travel time spent in this place.
 C = Inter-level travel time spent in this place.
 D = Time resting spent in this place.
 E = Time spent auto-exploring this place.
 F = Levels seen in this place.
 G = Mean time per level.
                   A        B        C        D        E       F      G
               +--------+--------+--------+--------+--------+-----+--------+
         Total |   3071 |   2960 |    111 |    554 |   1970 |   4 |  767.8 |
       Dungeon |   3071 |   2960 |    111 |    554 |   1970 |   4 |  767.8 |
               +--------+--------+--------+--------+--------+-----+--------+

Top non-repeatable levels by time:
     D:3: 1342 daAuts
     D:2: 845 daAuts
     D:1: 748 daAuts
     D:4: 135 daAuts
